[Event "Lviv Tradition May 2018"]
[Site "Lviv"]
[Date "2018.05.18"]
[Round "5"]
[White "Galperin, Platon"]
[Black "Badelka, Olga"]
[Result "1-0"]
[ECO "A04"]
[WhiteElo "2332"]
[BlackElo "2397"]
[Annotator "NA"]
[PlyCount "131"]
[EventDate "2018.??.??"]
[EventType "tourn"]
[EventCountry "UKR"]
[SourceTitle "playchess.com"]
[Source "ChessBase"]
[SourceQuality "1"]
[TimeControl "5400+30"]

1. Nf3 c5 2. c4 Nc6 3. Nc3 g6 4. e3 Nf6 5. d4 cxd4 6. exd4 d5 7. cxd5 Nxd5 8. Qb3 Nxc3 9. Bc4 e6 10. bxc3 Bg7 11. Ba3 Bd7 12. Be2 Na5 13. Qb2 Bf8 14. O-O Bxa3 15. Qxa3 b6 16. d5 Qe7 17. d6 Qf6 18. c4 Nb7 19. Nd2 Bc6 20. d7+ Kxd7 21. Rad1 Kc7 22. Qg3+ e5 23. f4 Rae8 24. fxe5 Qxe5 25. Qxe5+ Rxe5 26. Rxf7+ Kb8 27. Bf3 Bxf3 28. Nxf3 Rf5 29. Re7 Nc5 30. Ne5 Rc8 31. Rd6 Rc7 32. Nc6+ Kc8 33. Nxa7+ Kb7 34. Rxc7+ Kxc7 35. Nb5+ Kb7 36. Nc3 Kc7 37. Rd5 Rf8 38. Nb5+ Kb7 39. Re5 Kb8 40. Re7 h5 41. Rg7 Rf6 42. Nc3 Nd3 43. Nd5 Rc6 44. h3 h4 45. Ne7 Rxc4 46. Rxg6 Ka7 47. Rg4 Rc2 48. a4 Ne1 49. Nf5 Rc1 50. Kh2 Ka6 51. Rxh4 Rc2 52. Rg4 Nf3+ 53. Kg3 Ne1 54. Ne3 Re2 55. Re4 Nd3 56. h4 Nf2 57. Kf3 Ra2 58. Rd4 Nh1 59. Rd1 Nf2 60. Rd6 Nh1 61. g4 Rf2+ 62. Ke4 Ng3+ 63. Kd3 Ra2 64. Nc4 Rxa4 65. Rxb6+ Ka7 66. Rb3 1-0

[Event "Lviv Tradition May 2018"]
[Site "Lviv"]
[Date "2018.05.18"]
[Round "5"]
[White "Peng, Li Min"]
[Black "Bogdanov, Egor"]
[Result "1-0"]
[ECO "D70"]
[WhiteElo "2320"]
[BlackElo "2335"]
[Annotator "NA"]
[PlyCount "49"]
[EventDate "2018.??.??"]
[EventType "tourn"]
[EventCountry "UKR"]
[SourceTitle "playchess.com"]
[Source "ChessBase"]
[SourceQuality "1"]
[TimeControl "5400+30"]

1. d4 Nf6 2. c4 g6 3. f3 d5 4. cxd5 Nxd5 5. e4 Nb6 6. Nc3 Bg7 7. Be3 O-O 8. Qd2 Nc6 9. O-O-O f5 10. e5 Nb4 11. h4 Be6 12. h5 Nxa2+ 13. Nxa2 Bxa2 14. hxg6 hxg6 15. Bh6 Qd5 16. Ne2 Qf7 17. Qg5 f4 18. Bxg7 Qxg7 19. Nxf4 Rf5 20. Qg4 Bf7 21. Bd3 e6 22. Bxf5 exf5 23. Qg5 Re8 24. Rh6 Nd7 25. e6 1-0

[Event "Lviv Tradition May 2018"]
[Site "Lviv"]
[Date "2018.05.18"]
[Round "5"]
[White "Terletsky, Oleg"]
[Black "Goluch, Piotr"]
[Result "0-1"]
[ECO "B18"]
[WhiteElo "2288"]
[BlackElo "2351"]
[Annotator "NA"]
[PlyCount "100"]
[EventDate "2018.??.??"]
[EventType "tourn"]
[EventCountry "UKR"]
[SourceTitle "playchess.com"]
[Source "ChessBase"]
[SourceQuality "1"]
[TimeControl "5400+30"]

1. e4 c6 2. d4 d5 3. Nc3 dxe4 4. Nxe4 Bf5 5. Ng3 Bg6 6. h4 h6 7. Nf3 e6 8. h5 Bh7 9. Bd3 Bxd3 10. Qxd3 Nf6 11. Bd2 Be7 12. O-O-O O-O 13. Qe2 {[%emt 0:03:42] B19: Caro-Kann (Hauptvariante)} (13. Kb1 c5 14. Be3 Nbd7 15. dxc5 Nxc5 16. Qxd8 Rfxd8 17. Ne5 Nd5 18. Bxc5 Bxc5 19. Ne4 Be7 20. c4 Nf6 21. Nxf6+ gxf6 {0-1 (47) Khachiyan,M (2522)-Nakamura,H (2781) chess.com INT 2018}) 13... b5 14. Ne5 $146 ({Vorgänger:} 14. Ne4 Nxe4 15. Qxe4 Qd5 16. Qxd5 cxd5 17. Ne5 Rc8 18. f4 f6 19. Ng6 Bd6 20. g4 Nc6 {0-1 (86) Babaniya,B (2056)-Asatryan,S (1953) Yerevan 2016}) 14... Qd5 15. Kb1 a5 16. f4 Na6 17. Qf3 Qxf3 18. gxf3 c5 19. Nc6 Bd6 20. dxc5 Bxc5 21. Nxa5 Nd5 22. c3 Bd6 23. Ne2 Nc5 24. Nb3 Nd3 25. Rh4 Be7 26. Rh2 Bd6 27. a3 N3xf4 28. Bxf4 Bxf4 $11 29. Nxf4 Nxf4 30. Nd4 Rab8 31. Rh4 Nd5 32. Nc6 Rb6 33. Nb4 Nf6 34. Ka2 Rc8 35. Kb3 Rc5 36. Rdh1 Rf5 37. R1h3 Nd7 38. Rd4 Nc5+ 39. Kc2 e5 40. Rd8+ Kh7 41. Nd5 Rb7 42. Rc8 Ne6 43. b4 Ng5 44. Rg3 e4 45. fxe4 Nxe4 46. Rd3 Rf2+ 47. Kc1 Ra7 48. Ne3 Rxa3 49. Nc2 Ra2 50. Rdd8 Rfxc2+ 0-1

[Event "Lviv Tradition May 2018"]
[Site "Lviv"]
[Date "2018.05.18"]
[Round "5"]
[White "Fiedorek, Michal"]
[Black "Shkuran, Danylo"]
[Result "0-1"]
[ECO "B83"]
[WhiteElo "2081"]
[BlackElo "2395"]
[Annotator "NA"]
[PlyCount "68"]
[EventDate "2018.??.??"]
[EventType "tourn"]
[EventCountry "UKR"]
[SourceTitle "playchess.com"]
[Source "ChessBase"]
[SourceQuality "1"]
[TimeControl "5400+30"]

1. e4 c5 2. Nf3 e6 3. d4 cxd4 4. Nxd4 Nf6 5. Nc3 d6 6. Be2 Be7 7. O-O O-O 8. Be3 a6 9. a4 Nc6 10. f4 Nxd4 {[%emt 0:07:25] B85: Sizilianisch (Scheveninger System)} (10... Qc7 11. Kh1 Nxd4 12. Bxd4 e5 13. Be3 exf4 14. Bxf4 Be6 15. Qd3 Nd7 16. Qg3 Ne5 17. Be3 Rfe8 18. Bd4 Bf8 19. Qf2 Rac8 20. Rfd1 g6 21. h3 Bg7 22. Bb6 Qe7 23. Bd4 Rc6 24. a5 {0-1 (49) Movsesian,S (2667)-Navara,D (2732) Czech Republic 2018}) 11. Bxd4 b6 12. Kh1 Bb7 13. Bd3 Nd7 $146 ({Vorgänger:} 13... d5 14. e5 Ne4 15. Qe2 Bc5 16. Bxe4 Bxd4 17. Bxh7+ Kxh7 {1-0 (38) Oshiro Shinsato,R (2154)-Reategui,M Lima 2002}) 14. Qf3 Bf6 15. Bxf6 Nxf6 16. g4 g6 17. Ne2 d5 18. e5 Ne4 19. Bxe4 dxe4 20. Qe3 Rc8 21. Nc3 Qh4 22. Rg1 Rfd8 23. Rg2 Qe7 24. Kg1 Qb4 25. Rb1 Rc4 26. Rf2 Bc6 27. f5 exf5 28. gxf5 Qc5 29. Qg5 Re8 30. fxg6 hxg6 31. Qf6 e3 32. Qxf7+ Kh8 33. Qf6+ $19 Kh7 34. Qf7+ Kh6 0-1

[Event "Lviv Tradition May 2018"]
[Site "Lviv"]
[Date "2018.05.19"]
[Round "6"]
[White "Shkuran, Danylo"]
[Black "Goluch, Piotr"]
[Result "1-0"]
[ECO "B22"]
[WhiteElo "2395"]
[BlackElo "2351"]
[Annotator "NA"]
[PlyCount "93"]
[EventDate "2018.??.??"]
[EventType "tourn"]
[EventCountry "UKR"]
[SourceTitle "playchess.com"]
[Source "ChessBase"]
[SourceQuality "1"]
[TimeControl "5400+30"]

1. e4 c5 2. c3 d5 3. exd5 Qxd5 4. d4 Nc6 5. Nf3 Bf5 6. Be3 e6 7. Be2 Nf6 8. O-O Ng4 9. Bf4 Be7 10. dxc5 Qxd1 11. Bxd1 Bxc5 12. Nh4 Bxb1 13. Rxb1 Nge5 14. Nf3 Nd3 15. Bg3 O-O-O 16. Bc2 Bd6 17. Ng5 Bxg3 18. fxg3 Nde5 19. Nxf7 Nxf7 20. Rxf7 Rd7 21. Rbf1 Ne5 22. R7f2 Nc4 23. Re2 Kc7 24. Ba4 Rd6 25. Rf7+ Kb6 26. Rxg7 Rf8 27. Rd7 Rxd7 28. Bxd7 e5 29. Be6 Nd6 30. Rxe5 Re8 31. Re2 Kc5 32. Bg4 Rg8 33. Bf3 Rg7 34. g4 b5 35. h4 a5 36. Re6 b4 37. h5 Nc4 38. b3 bxc3 39. Rc6+ Kd4 40. Rxc4+ Kd3 41. Be4+ Kd2 42. Bf5 h6 43. Rc6 Re7 44. Rxh6 Re1+ 45. Kh2 Ra1 46. Rd6+ Kc1 47. h6 1-0

[Event "Lviv Tradition May 2018"]
[Site "Lviv"]
[Date "2018.05.19"]
[Round "6"]
[White "Bogdanov, Egor"]
[Black "Galperin, Platon"]
[Result "1-0"]
[ECO "C10"]
[WhiteElo "2335"]
[BlackElo "2332"]
[Annotator "NA"]
[PlyCount "105"]
[EventDate "2018.??.??"]
[EventType "tourn"]
[EventCountry "UKR"]
[SourceTitle "playchess.com"]
[Source "ChessBase"]
[SourceQuality "1"]
[TimeControl "5400+30"]

1. e4 e6 2. d4 d5 3. Nc3 Nc6 4. Nf3 Nf6 5. exd5 exd5 6. Bd3 Be7 7. h3 Be6 8. O-O a6 9. Be3 h6 10. Ne5 O-O 11. f4 Nxe5 12. fxe5 Nd7 13. Qf3 Kh8 14. Ne2 c5 15. c3 f6 16. Nf4 fxe5 17. Ng6+ Kg8 18. Nxf8 Bxf8 19. Bf5 Qe8 20. Rae1 e4 21. Qg4 Bxf5 22. Qxf5 Nf6 23. dxc5 Qc6 24. b4 b6 25. cxb6 Qxc3 26. Qe6+ Kh7 27. b7 Rb8 28. Qxa6 Qc7 29. Rc1 Qxb7 30. Qxb7 Rxb7 31. a3 Bd6 32. Bd4 Nh5 33. Rc6 Bg3 34. Rf5 Nf4 35. Be5 Ne2+ 36. Kf1 Bxe5 37. Kxe2 Re7 38. Ke3 g6 39. Rxe5 Rxe5 40. Rc7+ Kg8 41. a4 Kf8 42. b5 Ke8 43. b6 Kd8 44. a5 d4+ 45. Kxd4 Rxa5 46. Kxe4 Rg5 47. Rc6 Kd7 48. b7 Kxc6 49. b8=Q Rxg2 50. Ke5 Rg5+ 51. Kf6 Kd5 52. h4 Rg4 53. Qe5+ 1-0

[Event "Lviv Tradition May 2018"]
[Site "Lviv"]
[Date "2018.05.19"]
[Round "6"]
[White "Oglaza, Oskar"]
[Black "Terletsky, Oleg"]
[Result "1/2-1/2"]
[ECO "E90"]
[WhiteElo "2279"]
[BlackElo "2288"]
[Annotator "NA"]
[PlyCount "76"]
[EventDate "2018.??.??"]
[EventType "tourn"]
[EventCountry "UKR"]
[SourceTitle "playchess.com"]
[Source "ChessBase"]
[SourceQuality "1"]
[TimeControl "5400+30"]

1. d4 Nf6 2. c4 g6 3. Nc3 Bg7 4. e4 d6 5. Nf3 O-O 6. h3 e5 7. d5 a5 8. g4 Na6 9. Be3 Nd7 10. a3 Nb6 11. Rg1 Nc5 12. b4 axb4 13. axb4 Rxa1 14. Qxa1 Nb3 15. Qd1 Nd4 16. Nxd4 exd4 17. Bxd4 g5 18. Bxg7 Kxg7 19. Qd4+ f6 20. f4 Nd7 21. f5 Ne5 22. Be2 Bd7 23. Qa7 Qa8 24. Qxa8 Rxa8 25. Kd2 b6 26. Rb1 Ra7 27. Rb2 Be8 28. Ra2 Rxa2+ 29. Nxa2 h5 30. Kc3 hxg4 31. hxg4 Kf8 32. Nc1 Ba4 33. Nd3 Nxd3 34. Kxd3 Ke7 35. b5 Kf7 36. Kd2 Bb3 37. Kc3 Ba4 38. Kb2 Ke7 1/2-1/2

[Event "Lviv Tradition May 2018"]
[Site "Lviv"]
[Date "2018.05.19"]
[Round "6"]
[White "Fiedorek, Michal"]
[Black "Peng, Li Min"]
[Result "1/2-1/2"]
[ECO "B06"]
[WhiteElo "2081"]
[BlackElo "2320"]
[Annotator "NA"]
[PlyCount "76"]
[EventDate "2018.??.??"]
[EventType "tourn"]
[EventCountry "UKR"]
[SourceTitle "playchess.com"]
[Source "ChessBase"]
[SourceQuality "1"]
[TimeControl "5400+30"]

1. e4 g6 2. d4 Bg7 3. Nc3 d6 4. Be3 a6 5. Qd2 b5 6. O-O-O Bb7 7. f3 Nd7 8. g4 c5 9. h4 h6 10. dxc5 dxc5 11. Nh3 Qc7 12. Nd5 Qc6 13. g5 e6 14. Nc3 h5 15. Nf2 Ne7 16. f4 O-O-O 17. Qd6 Qxd6 18. Rxd6 Kc7 19. Rd2 Nc8 20. Be2 Bxc3 21. bxc3 Nd6 22. Rhd1 Nxe4 23. Nxe4 Bxe4 24. c4 b4 25. Rd6 Bc6 26. Bf2 Bb7 27. Bg1 a5 28. Bf2 Rhe8 29. Bg1 Be4 30. R1d2 Bf5 31. Bf2 Be4 32. Bg1 a4 33. Bf2 a3 34. Bg1 Kc8 35. Bf1 Kc7 36. Bf2 Kc8 37. Bg1 Bf3 38. R2d3 Be4 1/2-1/2

[Event "Lviv Tradition May 2018"]
[Site "Lviv"]
[Date "2018.05.20"]
[Round "7"]
[White "Goluch, Piotr"]
[Black "Oglaza, Oskar"]
[Result "1/2-1/2"]
[ECO "D76"]
[WhiteElo "2351"]
[BlackElo "2279"]
[Annotator "NA"]
[PlyCount "136"]
[EventDate "2018.??.??"]
[EventType "tourn"]
[EventCountry "UKR"]
[SourceTitle "playchess.com"]
[Source "ChessBase"]
[SourceQuality "1"]
[TimeControl "5400+30"]

1. Nf3 Nf6 2. c4 g6 3. g3 Bg7 4. Bg2 O-O 5. O-O d5 6. cxd5 Nxd5 7. d4 Nb6 8. Nc3 Nc6 9. e3 Re8 10. Re1 a5 {[%emt 0:00:35] D76: Fianchetto Grünfeld: Main Line with 7...Nb6} 11. Qe2 (11. h3 a4 12. Rb1 a3 13. bxa3 e5 14. dxe5 Nxe5 15. Qxd8 Nxf3+ 16. Bxf3 Rxd8 17. Nb5 Be5 18. Nd4 Bxh3 19. Bxb7 Bxd4 20. exd4 {1-0 (38) Ivanchuk,V (2726)-Muzychuk,M (2540) Caleta 2018}) 11... Be6 12. Rd1 Nb4 13. Nd2 c6 14. a3 N4d5 {[%emt 0:00:18] LiveBook: 28 Games} 15. Nce4 Bf5 16. Nc5 e5 17. e4 exd4 18. Qf3 Qe7 $146 19. Nd3 Be6 20. Re1 Nc7 21. e5 Bd5 22. Ne4 Ne6 23. h4 Nc4 24. Nf6+ Bxf6 25. Qxf6 Qxf6 26. exf6 Bxg2 27. Kxg2 a4 28. h5 Nc7 29. Rh1 Nd5 30. hxg6 fxg6 31. f7+ Kxf7 32. Rxh7+ Kf6 33. Rh4 Nd6 34. Rxd4 Re4 35. Rxe4 Nxe4 36. Nf4 Ra5 37. Kf3 Ng5+ 38. Kg4 Ne4 39. Nxd5+ Rxd5 40. Be3 Nd6 41. Rc1 Nf7 42. Kf3 Ne5+ 43. Ke4 b5 {[%emt 0:01:36] [#]} 44. Rh1 $2 ({Der einzige Zug:} 44. Rxc6+ $1 $18 Nxc6 45. Kxd5) 44... Nc4 45. Bd4+ Ke6 46. Bc3 Nd6+ 47. Kf3 Nf7 48. Ke3 c5 49. Rh7 Nd6 50. g4 Nc4+ 51. Ke4 Nd2+ 52. Ke3 Nc4+ 53. Ke2 b4 54. axb4 cxb4 55. Bxb4 Nxb2 56. Re7+ Kf6 57. Ra7 Kg5 58. f3 Kf4 59. Bc3 Rc5 60. Bd2+ Kg3 61. Be1+ Kg2 62. f4 Rc4 63. Ke3 Nd1+ 64. Kd2 Nf2 65. Bxf2 Kxf2 66. Ra6 a3 $11 67. g5 Rxf4 68. Kc2 Kg3 1/2-1/2

[Event "Lviv Tradition May 2018"]
[Site "Lviv"]
[Date "2018.05.20"]
[Round "7"]
[White "Galperin, Platon"]
[Black "Fiedorek, Michal"]
[Result "1-0"]
[ECO "A14"]
[WhiteElo "2332"]
[BlackElo "2081"]
[Annotator "NA"]
[PlyCount "77"]
[EventDate "2018.??.??"]
[EventType "tourn"]
[EventCountry "UKR"]
[SourceTitle "playchess.com"]
[Source "ChessBase"]
[SourceQuality "1"]
[TimeControl "5400+30"]

1. Nf3 d5 2. c4 e6 3. g3 Nf6 4. Bg2 Be7 5. O-O O-O 6. b3 c5 7. Bb2 Nc6 8. e3 b6 9. d3 Ba6 10. Qe2 Qd7 {[%emt 0:03:11] A14: English Opening: 1...e6 with b3 by White} (10... Rc8 11. Rd1 Qd7 12. Nc3 Rfd8 13. Rac1 d4 14. exd4 Nxd4 15. Nxd4 cxd4 16. Nb1 Qc7 17. f4 Bb7 18. Nd2 Bxg2 19. Kxg2 {0-1 (42) Le,Q (2714)-Wang,Y (2697) Beijing 2011}) 11. Nbd2 Rfd8 12. Rad1 Rac8 13. e4 dxc4 14. dxc4 Qd3 15. Qxd3 Rxd3 16. e5 Ne8 17. Ne4 Rxd1 18. Rxd1 Rd8 $146 19. Rxd8 Nxd8 20. h4 Bb7 21. Nh2 f5 22. exf6 gxf6 23. g4 Kf7 24. f4 $11 Nd6 25. Ng3 Bxg2 26. Kxg2 Nc6 27. g5 e5 28. fxe5 Nxe5 29. Bxe5 fxe5 30. Ng4 Ke6 31. Kf3 b5 32. Ne3 bxc4 33. bxc4 Nf7 34. Ne4 Nd8 35. Kg4 Nc6 36. h5 Nd4 37. Nd5 Nc2 38. h6 Bf8 39. Nef6 {[%emt 0:00:32] Kxd5} 1-0

[Event "Lviv Tradition May 2018"]
[Site "Lviv"]
[Date "2018.05.20"]
[Round "7"]
[White "Peng, Li Min"]
[Black "Shkuran, Danylo"]
[Result "1-0"]
[ECO "B10"]
[WhiteElo "2320"]
[BlackElo "2395"]
[Annotator "NA"]
[PlyCount "71"]
[EventDate "2018.??.??"]
[EventType "tourn"]
[EventCountry "UKR"]
[SourceTitle "playchess.com"]
[Source "ChessBase"]
[SourceQuality "1"]
[TimeControl "5400+30"]

1. e4 c6 2. d3 d5 3. Nd2 e6 4. Ngf3 Be7 5. g3 Nf6 6. Bg2 {[%emt 0:00:17] LiveBook: 5 Games} O-O 7. O-O c5 {[%emt 0:00:37] A07: Réti Opening: New York and Capablanca Systems} 8. e5 Nfd7 (8... Ne8 9. Re1 Nc6 10. Nf1 Nc7 11. h4 f5 12. exf6 Bxf6 13. Ne3 e5 14. c4 d4 15. Nd5 {1-0 (79) Zhou,W (2627)-Xu,Y (2443) China 2015}) 9. c4 Nc6 10. Qe2 d4 11. Re1 a6 $146 ({Predecessor:} 11... Qc7 12. Nf1 a6 13. h4 b5 14. b3 bxc4 15. bxc4 Rb8 16. Bf4 Re8 17. N1h2 {½-½ (17) Muller,M-Wolrich,C (2140) Rochefort 1998}) 12. h4 Re8 13. Nf1 Bf8 14. Bf4 Rb8 15. b3 Qc7 16. Qe4 h6 17. g4 Ne7 18. h5 b5 19. Qe2 Bb7 20. Ng3 bxc4 21. bxc4 Bc6 22. Rad1 Rb6 23. g5 Bxf3 24. Bxf3 hxg5 25. Bxg5 Reb8 26. Rd2 Nc6 27. Bxc6 Rxc6 28. f4 Rcb6 29. Ne4 Rb1 30. Kh2 Qb6 31. Rxb1 Qxb1 32. Ng3 Qb6 (32... Qc1 $14) 33. Qg4 Kh8 $2 (33... Qb1 $16) 34. Rg2 Qc6 35. Ne4 Kh7 {[%emt 0:00:15] [#]} 36. Bf6 1-0

[Event "Lviv Tradition May 2018"]
[Site "Lviv"]
[Date "2018.05.20"]
[Round "7"]
[White "Terletsky, Oleg"]
[Black "Badelka, Olga"]
[Result "1/2-1/2"]
[ECO "B32"]
[WhiteElo "2288"]
[BlackElo "2397"]
[Annotator "NA"]
[PlyCount "192"]
[EventDate "2018.??.??"]
[EventType "tourn"]
[EventCountry "UKR"]
[SourceTitle "playchess.com"]
[Source "ChessBase"]
[SourceQuality "1"]
[TimeControl "5400+30"]

1. e4 c5 2. Nf3 Nc6 3. d4 cxd4 4. Nxd4 e5 5. Nb5 d6 6. N1c3 a6 7. Na3 Be7 8. Nc4 b5 {[%emt 0:00:05] B32: Sicilian: Löwenthal and Kalashnikov Variations} 9. Ne3 Nf6 10. g3 O-O 11. Bg2 b4 12. Ncd5 Nxd5 {[%emt 0:00:06] LiveBook: 83 Games} 13. Nxd5 Bg5 14. O-O Bxc1 15. Rxc1 Be6 16. f4 {[%emt 0:10:50] [#]} exf4 $146 17. gxf4 Rc8 18. c4 bxc3 19. Rxc3 Bxd5 20. Qxd5 Qb6+ 21. Kh1 Nd4 22. Rd1 Ne6 23. Qd2 Rxc3 24. bxc3 h6 25. f5 Ng5 26. Qxd6 Qf2 27. Qd2 Qh4 28. Qe3 Qg4 29. Rf1 Rd8 30. h3 Qh5 31. e5 Rd1 32. Rxd1 Qxd1+ 33. Kh2 Qa4 34. e6 fxe6 35. fxe6 Kf8 36. Qc5+ Kg8 37. Qe5 $2 (37. Qd6) 37... Qb5 38. Qxb5 axb5 39. Bc6 Nxe6 40. Bxb5 Nc7 41. Bc4+ Kf8 42. Kg3 Ke7 43. Kf4 Na8 44. Ke5 Nb6 45. Bb5 g5 46. Be2 Na4 47. Kd4 Kd6 48. c4 Nc5 49. Bg4 Na4 50. Bh5 Nc5 51. Bf7 Na4 52. a3 Nc5 53. Bd5 h5 $2 54. Ke3 (54. Bf7 $18) 54... Nd7 $1 55. Kd4 (55. a4 $14) 55... Nc5 56. Kc3 $2 Kc7 $2 {[%emt 0:02:15] [#]} (56... g4 $11 {and Black is okay.}) 57. Bf3 $1 h4 58. Kd4 Kd6 59. Bg4 Nb3+ 60. Kc3 Nc5 61. Kb4 Nd3+ 62. Kb5 Nf2 63. Bf3 Kc7 64. Bg2 g4 65. hxg4 Nxg4 $11 66. a4 Ne3 67. Bh1 Nd1 68. a5 Nc3+ 69. Kc5 h3 70. a6 Kb8 71. Kb6 Na4+ 72. Ka5 Nc5 73. Kb5 Nd7 74. c5 Ka7 75. c6 Nb6 76. c7 h2 77. Bb7 Nc8 78. Kc5 Nb6 79. Kd6 Nc8+ 80. Kd7 Nb6+ 81. Kd8 h1=Q 82. Bxh1 Kxa6 83. Bc6 Ka5 84. Bb7 Kb5 85. Ke8 Kc5 86. Ke7 Kb5 87. Kd6 Nc4+ 88. Kd5 Nb6+ 89. Ke6 Kc5 90. Bf3 Nc8 91. Kd7 Nb6+ 92. Kd8 Kd6 93. Bb7 Ke6 94. Bc8+ Kd5 95. Bg4 Kc6 96. Bh3 Kd5 1/2-1/2

[Event "Lviv Tradition May 2018"]
[Site "Lviv"]
[Date "2018.05.20"]
[Round "8"]
[White "Badelka, Olga"]
[Black "Goluch, Piotr"]
[Result "1-0"]
[ECO "E70"]
[WhiteElo "2397"]
[BlackElo "2351"]
[Annotator "NA"]
[PlyCount "97"]
[EventDate "2018.??.??"]
[EventType "tourn"]
[EventCountry "UKR"]
[SourceTitle "playchess.com"]
[Source "ChessBase"]
[SourceQuality "1"]
[TimeControl "5400+30"]

1. c4 Nf6 2. Nc3 g6 3. d4 Bg7 4. e4 O-O 5. Be2 c5 6. d5 d6 7. Nf3 e6 8. Be3 {[%emt 0:00:33] E91: King's Indian: Classical: 6 Be2, unusual replies including 6...c5 and 6...Bg4} (8. Nd2 Re8 9. O-O Na6 10. f3 Nc7 11. a4 Na6 12. Ndb1 Nh5 13. Be3 e5 14. Na3 f5 15. Nc2 Nf4 16. exf5 gxf5 17. Qd2 Nb4 18. Bd1 {0-1 (43) Ding,L (2774)-Carlsen,M (2837) Saint Louis 2017}) 8... exd5 9. cxd5 b5 {[%emt 0:06:15] LiveBook: 7 Games} 10. e5 Ng4 11. Bg5 f6 $146 (11... Qb6 $11 {keeps the balance.}) ({Predecessor:} 11... Qa5 12. e6 Nf6 13. O-O a6 14. a4 b4 15. Bxf6 Bxf6 16. Ne4 Be7 17. exf7+ Rxf7 18. Nfg5 Rf4 19. g3 Rf5 20. Bg4 c4 21. Bxf5 gxf5 {1-0 (21) Buhmann,R (2567)-Freitag,M (2380) Austria 2017}) 12. exf6 Bxf6 13. Bxf6 Qxf6 14. Nxb5 Nd7 15. O-O Nb6 16. h3 Nh6 17. Qd2 Nf5 18. Rae1 Bd7 19. Nc3 Rae8 20. Bd3 Nd4 21. Nxd4 Qxd4 22. Qc2 Kg7 23. Rxe8 Rxe8 24. Bb5 Bf5 25. Qc1 Re5 26. Rd1 Qh4 27. Bf1 Bd7 28. g3 Qh5 29. f4 Re7 30. Re1 Kf8 31. Rxe7 Kxe7 32. Qe1+ Kf8 33. g4 Qh6 34. Qg3 Qg7 35. Kf2 Qd4+ 36. Qe3 Qb4 37. Qd2 Na4 38. Ke3 Nxb2 39. Ne4 Qa3+ 40. Kf2 Qxa2 (40... Qb4 $14) 41. Be2 Qa4 42. Nf6 Ke7 (42... Bb5 $16 {was worth a try.}) 43. Nxd7 ({Inferior is} 43. Nxh7 Qd4+ 44. Qe3+ Qxe3+ 45. Kxe3 a5 $15) 43... Qb3 44. Ne5 $18 dxe5 45. fxe5 c4 46. d6+ Kd7 47. Qd5 Qb6+ 48. Kf1 Nd3 49. e6+ 1-0

[Event "Lviv Tradition May 2018"]
[Site "Lviv"]
[Date "2018.05.20"]
[Round "8"]
[White "Shkuran, Danylo"]
[Black "Oglaza, Oskar"]
[Result "0-1"]
[ECO "B91"]
[WhiteElo "2395"]
[BlackElo "2279"]
[Annotator "NA"]
[PlyCount "80"]
[EventDate "2018.??.??"]
[EventType "tourn"]
[EventCountry "UKR"]
[SourceTitle "playchess.com"]
[Source "ChessBase"]
[SourceQuality "1"]
[TimeControl "5400+30"]

1. e4 c5 2. Nf3 d6 3. d4 cxd4 4. Nxd4 Nf6 5. Nc3 a6 6. g3 e6 7. Bg2 Be7 8. O-O O-O 9. f4 Qc7 10. Be3 {[%emt 0:01:55] LiveBook: 47 Games} Nc6 11. Nxc6 bxc6 12. g4 d5 13. g5 Nd7 14. Qh5 {[%emt 0:06:45] B80: Sizilianisch (Scheveninger System)} Rb8 15. f5 exf5 $146 ({Vorgänger:} 15... g6 16. Qh6 exf5 17. exf5 gxf5 18. Rf4 Qe5 19. Bd4 Bc5 20. Rd1 Bxd4+ 21. Rfxd4 Bb7 22. Rh4 Qg7 23. Bh3 Ne5 24. Kf2 Bc8 25. Re1 Ng6 {0-1 (25) Farkas,J (2275)-Juhasz,B (2315) Hungary 2001}) 16. exf5 Rxb2 17. f6 Qe5 18. Nd1 {[%emt 0:03:59] [#]} Nxf6 $1 19. gxf6 Qxh5 20. fxe7 Rxc2 21. exf8=Q+ Kxf8 22. Rf2 Bf5 23. Rxc2 Bxc2 24. Bc5+ Kg8 25. Nf2 Qe5 26. Rc1 Qc3 27. Ba7 Qd2 28. Be3 Qxe3 29. Rxc2 Qb6 30. Rd2 f5 31. Kf1 f4 32. Nd1 g5 33. h3 Qb4 34. Re2 Qa3 35. Rf2 Kf7 36. Bf3 Kf6 37. Bg4 h5 38. Bd7 Ke7 39. Bc8 $19 Kd6 40. Rg2 Qd3+ 0-1

[Event "Lviv Tradition May 2018"]
[Site "Lviv"]
[Date "2018.05.20"]
[Round "8"]
[White "Bogdanov, Egor"]
[Black "Terletsky, Oleg"]
[Result "1/2-1/2"]
[ECO "E92"]
[WhiteElo "2335"]
[BlackElo "2288"]
[Annotator "NA"]
[PlyCount "117"]
[EventDate "2018.??.??"]
[EventType "tourn"]
[EventCountry "UKR"]
[SourceTitle "playchess.com"]
[Source "ChessBase"]
[SourceQuality "1"]
[TimeControl "5400+30"]

1. d4 Nf6 2. c4 g6 3. Nc3 Bg7 4. e4 d6 5. Nf3 O-O 6. Be2 e5 7. Be3 Ng4 8. Bg5 $1 f6 9. Bh4 {[%emt 0:00:02] LiveBook: 1432 Games} Nc6 10. d5 Ne7 11. h3 {[%emt 0:00:37] E92: King's Indian: Classical: 6 Be2 e5: 7 dxe5, 7 Be3 and Petrosian System without 7...Nbd7} (11. O-O g5 12. Bg3 h5 13. Nd2 f5 14. exf5 Nxf5 15. Nde4 Ngh6 16. Bxh5 g4 17. Bg6 Ne7 18. Bh5 Nef5 19. Bg6 Ne7 20. Bh5 Nef5 {½-½ (20) Ibrahimov,R (2518)-Amin,B (2689) Riadh 2017}) 11... Nh6 12. g4 g5 13. Bg3 Ng6 {[%emt 0:00:04] [#]} 14. Qd2 $146 ({Predecessor:} 14. Nd2 Nf4 15. Nf1 Nf7 16. Ne3 a6 17. h4 b5 18. cxb5 Nxe2 19. Qxe2 axb5 20. Qxb5 {1-0 (39) Djukic,N (2546)-Sukovic,A (1999) Bar 2015}) 14... Nf7 15. Nd1 c5 16. Ne3 Nf4 17. Nf5 a6 18. Bxf4 exf4 19. O-O Re8 20. Bd3 Bd7 21. b4 b5 22. Rfe1 Bf8 23. Rab1 Rb8 24. bxc5 dxc5 25. e5 fxe5 26. Qc2 Rb6 27. Re2 bxc4 28. Bxc4 Rxb1+ 29. Qxb1 Bxf5 30. gxf5 Nd6 31. Bd3 c4 32. Bc2 Qf6 33. Nd2 h5 34. f3 c3 35. Ne4 Nxe4 36. Bxe4 Bc5+ 37. Kf1 {[%emt 0:01:14] [#]} g4 $1 38. Rg2 g3 $2 (38... Qh4 39. fxg4 Qxh3) 39. Rc2 Bd4 40. Qb7 Rd8 41. Kg2 Rd6 42. Rc1 {[%emt 0:02:17] [#]} Rb6 $1 43. Qc8+ Kg7 (43... Qf8 $19 {und Schwarz behält klar die Oberhand.} 44. Qxf8+ Kxf8) 44. Rb1 Rxb1 45. Bxb1 Qd6 46. Qb7+ Kf8 47. Bc2 {[%emt 0:00:53] [#]} h4 {[%emt 0:01:52] [#]} ({Black should play} 47... Bb6 $1 $17 48. Qc8+ Bd8) 48. f6 $1 Qxf6 49. Qb8+ Kg7 50. d6 e4 51. Qc7+ Kh6 52. Bxe4 Be5 53. Qh7+ Kg5 54. d7 Bc7 55. Qg8+ Kh6 56. Qh7+ $11 Kg5 57. Qg8+ Kh6 58. Qh7+ Kg5 59. Qg8+ 1/2-1/2

[Event "Lviv Tradition May 2018"]
[Site "Lviv"]
[Date "2018.05.20"]
[Round "8"]
[White "Peng, Li Min"]
[Black "Galperin, Platon"]
[Result "1-0"]
[ECO "B24"]
[WhiteElo "2320"]
[BlackElo "2332"]
[Annotator "NA"]
[PlyCount "85"]
[EventDate "2018.??.??"]
[EventType "tourn"]
[EventCountry "UKR"]
[SourceTitle "playchess.com"]
[Source "ChessBase"]
[SourceQuality "1"]
[TimeControl "5400+30"]

1. e4 c5 2. Nc3 Nc6 3. Bb5 Nd4 4. Bc4 a6 {[%emt 0:00:04] B23: Closed Sicilian: Lines without g3} 5. a4 g6 6. Nf3 Bg7 7. Nxd4 cxd4 8. Qf3 e6 {[%emt 0:00:50] LiveBook: 4 Partien} 9. Ne2 Ne7 10. O-O O-O 11. d3 f5 $146 ({Predecessor:} 11... b6 12. Qh3 {1-0 (43) Danielyan,V (2331)-Can,E (2603) Batumi 2018}) 12. Qg3 h6 13. Bf4 g5 14. Bc7 Qe8 15. f4 Qh5 16. Rae1 fxe4 17. dxe4 d5 18. Bd3 Bd7 19. e5 Bxa4 20. Bd6 Nf5 21. Bxf5 $1 Rxf5 22. Nxd4 gxf4 23. Qa3 Be8 24. Nxf5 Qxf5 25. Qc5 h5 26. c3 Bb5 27. Rf2 Kh8 28. Be7 Kh7 29. Bf6 Bh6 30. Qe7+ Kg6 31. Qxb7 Rg8 32. b3 Bd3 33. Qc6 h4 34. Bxh4 Kh5 35. Be7 Be4 36. h4 f3 37. Bg5 $1 Bxg5 38. hxg5 Rxg5 39. Qe8+ ({Don't blunder} 39. Qxa6 $2 Qh3 $19) 39... Kg4 40. Qh8 $14 Qg6 41. Qh3+ Kf4 42. Rxf3+ Kxe5 43. Qh2+ 1-0